 Dungeon Crawl Stone Soup version 0.25-a0-577-ga4619f409e (webtiles) character file.

Game seed: 11351557363358648000, levelgen mode: deterministic

320866 shadizar the Warrior (level 21, 0/139 HPs)
             Began as a Gargoyle Fighter on Mar 1, 2020.
             Was the Champion of Okawaru.
             Hit by a large rock thrown by a stone giant (38 damage)
             ... on level 5 of the Vaults on Mar 2, 2020.
             The game lasted 01:57:51 (37913 turns).

shadizar the Warrior (Gargoyle Fighter)            Turns: 37913, Time: 01:57:51

Health: 0/139      AC: 49    Str: 27    XL:     21   Next: 87%
Magic:  33/33      EV: 16    Int: 13    God:    Okawaru [******]
Gold:   3884       SH: 23    Dex: 12    Spells: 20/20 levels left

rFire    + + .     SeeInvis .   u - +10 war axe "Zucoykh" {protect, rC+ rN+}
rCold    + . .     Gourm    .   v - +0 tower shield {rPois}
rNeg     + + +     Faith    .   X - +3 plate armour {rF+}
rPois    ∞         Spirit   .   d - +2 hat
rElec    +         Reflect  .   H - scarf {cloud immunity}
rCorr    +         Harm     .   q - +1 pair of gloves {Dex+3}
MR       +....                  W - +2 pair of boots
Stlth    ..........             B - amulet of regeneration
HPRegen  0.73/turn              p - ring of Petherph {rF+ rN+ Int+3 Stlth+}
MPRegen  0.23/turn              z - ring of resist corrosion

@: heroism, finesse, protection aura, flying
A: big wings, deformed body, negative energy resistance 1, electricity
resistance, weak 1, unbreathing, petrification resistance, rot immunity, AC +16
}: 1/15 runes: barnacled
a: Stop Flying, Heroism, Finesse, Renounce Religion


You were on level 5 of the Vaults.
You worshipped Okawaru.
Okawaru was exalted by your worship.
You were very hungry.

You visited 6 branches of the dungeon, and saw 33 of its levels.
You visited the Abyss 2 times.
You also visited: Ice Cave, Volcano and Wizlab.

You collected 4159 gold pieces.
You spent 275 gold pieces at shops.

Inventory:

Hand Weapons
 b - the cursed +0 hand axe "Popouhifal" {vorpal, rN+ MR+ Str+4, unknown}
   (You found it on level 5 of the Vaults)

   It inflicts extra damage upon your enemies.
   It affects your strength (+4).
   It protects you from negative energy.
   It affects your resistance to hostile enchantments.
   It has a curse placed upon it.
 i - the +5 great sword of the Equator {holy, rN+}
   (Okawaru gifted it to you on level 11 of the Dungeon)

   It has been blessed by the Shining One to cause great damage to the undead
   and demons.
   It protects you from negative energy.
 s - the +5 morningstar of Blood {flame, rF+ Str+2}
   (You took it off an ironbrand convoker on level 2 of the Vaults)

   It has been specially enchanted to burn those struck by it, causing extra
   injury to most foes and up to half again as much damage against particularly
   susceptible opponents.
   It affects your strength (+2).
   It protects you from fire.
 t - a +6 double sword
 u - the +10 war axe "Zucoykh" (weapon) {protect, rC+ rN+}
   (Okawaru gifted it to you on level 1 of the Orcish Mines)

   It grants its wielder temporary protection when it strikes (+7 to AC).
   It protects you from cold.
   It protects you from negative energy.
 P - the +1 flail of Riuza {antimagic, rC++ Int+3}
   (You found it in an ice cave)

   It reduces the magical energy of the wielder, and disrupts the spells and
   magical abilities of those hit.
   Natural abilities and divine invocations are not affected.
   It affects your intelligence (+3).
   It greatly protects you from cold.
 V - the +11 hand crossbow of Severance {penet, Int+9 Dex+2}
   (You found it on level 4 of the Shoals)

   Ammo fired by it will pass through the targets it hits, potentially hitting
   all targets in its path until it reaches maximum range.
   It affects your intelligence (+9).
   It affects your dexterity (+2).
Missiles
 E - 1465 bolts
Armour
 d - a +2 hat (worn)
 l - a +2 plate armour of cold resistance
 q - a +1 pair of gloves of dexterity (worn)
 v - a +0 tower shield of poison resistance (worn)
 H - a scarf of cloud immunity (worn)
 I - the +0 hat of the Illusory Planets {rN+ MR+ Dex-5}
   (You found it on level 3 of the Vaults)

   It affects your dexterity (-5).
   It protects you from negative energy.
   It affects your resistance to hostile enchantments.
   If you switch to wearing this armour, your AC will decrease by 2 (49 -> 47).
 W - a +2 pair of boots (worn)
 X - a +3 plate armour of fire resistance (worn)
Jewellery
 p - the ring of Petherph (left hand) {rF+ rN+ Int+3 Stlth+}
   (You found it on level 7 of the Dungeon)

   [ring of stealth]

   It affects your intelligence (+3).
   It protects you from fire.
   It protects you from negative energy.
   It makes you more stealthy.
 z - a ring of resist corrosion (right hand)
 B - an amulet of regeneration (around neck)
 J - an uncursed ring of positive energy
 N - an uncursed ring of protection from fire
 Q - an uncursed ring of ice
Wands
 c - a wand of flame (44)
 y - a wand of paralysis (21)
 A - a wand of scattershot (7)
 K - a wand of acid (10)
 L - a wand of iceblast (39)
 M - a wand of clouds (5)
 R - a wand of digging (9)
 T - a wand of disintegration (16)
Scrolls
 e - 11 scrolls of blinking
 h - 4 scrolls of identify
 j - 15 scrolls of teleportation
 m - 2 scrolls of magic mapping
 o - 7 scrolls of enchant armour
 F - 3 scrolls of fog
 G - 10 scrolls of remove curse
 O - a scroll of silence
Potions
 a - a potion of berserk rage
 g - 4 potions of curing
 k - 3 potions of stabbing
 n - a potion of haste
 r - 7 potions of cancellation
 w - 3 potions of invisibility
 C - 2 potions of resistance
 D - 2 potions of magic
 S - a potion of ambrosia
 Y - 7 potions of might
Comestibles
 f - 44 rations


   Skills:
 + Level 17.3(22.3) Fighting
 - Level 10.3(15.3) Long Blades
 + Level 13.8(18.8) Axes
 + Level 16.9(21.9) Armour
 + Level 13.2(18.2) Dodging
 + Level 15.0(20.0) Shields
 + Level 16.7 Invocations
 + Level 8.6 Evocations


You had 20 spell levels left.
You didn't know any spells.
Your spell library contained the following spells:

 Spells                   Type           Power        Failure   Level  Hunger
 Animate Skeleton         Necr           N/A          94%         1    ##.....
 Corona                   Hex            #......      94%         1    ##.....
 Foxfire                  Conj/Fire      #...         94%         1    ##.....
 Freeze                   Ice            #...         94%         1    ##.....
 Infusion                 Chrm           #...         94%         1    ##.....
 Pain                     Necr           #...         94%         1    ##.....
 Sting                    Tmut/Pois      #...         94%         1    ##.....
 Ensorcelled Hibernation  Hex/Ice        #.....       98%         2    ###....
 Poisonous Vapours        Pois/Air       #.....       98%         2    ###....
 Searing Ray              Conj           #.....       98%         2    ###....
 Shroud of Golubria       Chrm/Tloc      #.....       98%         2    ###....
 Song of Slaying          Chrm           #.......     98%         2    ###....
 Confusing Touch          Hex            #.......     100%        3    ####...
 Conjure Flame            Conj/Fire      #.......     100%        3    ####...
 Dazzling Flash           Conj/Hex       #.....       100%        3    ####...
 Frozen Ramparts          Ice            #.....       100%        3    ####...
 Gell's Gravitas          Tloc           #.........   100%        3    ####...
 Ignite Poison            Fire/Tmut/Pois #.......     100%        3    ####...
 Inner Flame              Hex/Fire       #.......     100%        3    ####...
 Mephitic Cloud           Conj/Pois/Air  #.......     100%        3    ####...
 Ozocubu's Armour         Chrm/Ice       #.......     100%        3    ####...
 Spectral Weapon          Hex/Chrm       #.......     100%        3    ####...
 Stone Arrow              Conj/Erth      #.....       100%        3    ####...
 Tukima's Dance           Hex            #.......     100%        3    ####...
 Vampiric Draining        Necr           #.........   100%        3    ####...
 Animate Dead             Necr           N/A          100%        4    #####..
 Cause Fear               Hex            #.........   100%        4    #####..
 Fulminant Prism          Conj/Hex       #.........   100%        4    #####..
 Hailstorm                Conj/Ice       #.......     100%        4    #####..
 Ice Form                 Ice/Tmut       #.......     100%        4    #####..
 Iskenderun's Mystic Bla  Conj/Tloc      #.......     100%        4    #####..
 Olgreb's Toxic Radiance  Pois           #.......     100%        4    #####..
 Petrify                  Tmut/Erth      #.......     100%        4    #####..
 Sticky Flame             Conj/Fire      #.......     100%        4    #####..
 Summon Ice Beast         Ice/Summ       #.......     100%        4    #####..
 Agony                    Necr           #.......     100%        5    ######.
 Bolt of Magma            Conj/Fire/Erth #.........   100%        5    ######.
 Fireball                 Conj/Fire      #.........   100%        5    ######.
 Iskenderun's Battlesphe  Conj/Chrm      #.......     100%        5    ######.
 Lightning Bolt           Conj/Air       #.........   100%        5    ######.
 Metabolic Englaciation   Hex/Ice        #.........   100%        5    ######.
 Silence                  Hex/Air        #.........   100%        5    ######.
 Summon Demon             Summ           #.........   100%        5    ######.
 Yara's Violent Unravell  Hex/Tmut       #.........   100%        5    ######.
 Iron Shot                Conj/Erth      #.........   100%        6    #######
 Shadow Creatures         Summ           N/A          100%        6    #######
 Simulacrum               Ice/Necr       #.........   100%        6    #######
 Starburst                Conj/Fire      #.........   100%        6    #######
 Dragon Form              Tmut           #.........   100%        7    #######
 Orb of Destruction       Conj           #.........   100%        7    #######
 Ring of Flames           Chrm/Fire      #.........   100%        7    #######
 Spellforged Servitor     Conj/Summ      #.........   100%        7    #######
 Ignition                 Fire           #.........   100%        8    #######
 Dragon's Call            Summ           #.........   100%        9    #######


Dungeon Overview and Level Annotations

Branches:
Dungeon (15/15)            Temple (1/1) D:7            Lair (6/6) D:10
 Shoals (4/4) Lair:4       Spider (0/4) Lair:2        Slime (0/5) Lair:6
    Orc (2/2) D:12            Elf (0/3) Orc:2        Vaults (5/5) D:14
  Crypt (0/3) Vaults:3     Depths (0/5) D:15          IceCv (visited)
Volcano (visited)          WizLab (visited)

Altars:
Ashenzari
Cheibriados
Dithmenos
Elyvilon
Fedhas
Gozag
Hepliaklqana
Kikubaaqudgha
Makhleb
Nemelex Xobeh
Okawaru
Qazlal
Ru
Sif Muna
Trog
Uskayaw
Vehumet
Wu Jian
Xom
Yredelemnul
Zin
The Shining One
Beogh

Shops:
D:7 [   D:8 (   D:14 *   Orc:2 ((%(   Vaults:2 *

Annotations:
Lair:6 3 runed translucent doors, Amenergh's ghost, journeyman GnGl; Iblaz's ghost, journeyman OpHu; Tenar's ghost, journeyman DEEE


Innate Abilities, Weirdness & Mutations

You are resistant to torment.
Your stone body is resilient. (AC +16)
You are immune to poison.
Your large and strong wings let you fly indefinitely.
You resist negative energy. (rN+)
You are resistant to electric shocks. (rElec)
You can survive without breathing.
You are immune to petrification.
You are immune to rotting.
Armour fits poorly on your strangely shaped body.
You are weak. (Str -2)


Message History

Unknown command.
You closely miss the tengu reaver.
The tengu reaver is heavily wounded.
Unknown command.
You slice the tengu reaver!!
The tengu reaver is almost dead.
A stone giant comes into view.
Unknown command.
The tengu reaver blocks your attack.
The tengu reaver is almost dead.
The tengu reaver hits you but does no damage.
You block the tengu reaver's attack. The tengu reaver misses you.
Unknown command.
You slice the tengu reaver!!
You kill the tengu reaver!
Okawaru accepts your kill.
The battlesphere dissipates.
Unknown command.
The stone giant throws a large rock.
The large rock hits you!!!
You die...

#######################
#..☼...............))).
#.........X.......†()(.
#...)##################
#.....##.....##...##...
#..#..@.....##.....##..
#..##......##...#...##.
#. ###....##...##....##
#. #.##...#...##......#
# #..##..C..##.)......
#.......)##.....##..
##....#...##...##...
##)).###...##.##...#
#.))##.##...###...##


You could see a stone giant.

Vanquished Creatures
  An ancient lich (Vaults:5)
  Jorgrun (Orc:2)
  3 tentacled monstrosities
  A lich (Vaults:3)
  2 titans (Vaults:5)
  Polyphemus (Shoals:4)
  A sphinx (Vaults:5)
  2 tentacled starspawn (Abyss:3)
  Donald (Shoals:3)
  4 tengu reavers
  Roxanne (Shoals:4)
  2 shadow dragons (Vaults:5)
  3 fire giants
  3 deep elf sorcerers
  19 vault wardens
  A frost giant (Vaults:4)
  A deep elf elementalist (Vaults:5)
  A ghoul (Vaults:4)
  An orc warlord (Orc:2)
  9 very ugly things
  2 war gargoyles (Vaults:5)
  12 ironheart preservers
  2 entropy weavers (Vaults:5)
  8 stone giants
  5 deep elf annihilators
  Nessos (Orc:2)
  2 deep elf demonologists
  9 purple draconians (WizLab)
  The ghost of Flugslaktarn the Cleaver, a journeyman DDFi of Makhleb (D:14)
  A deep elf death mage (Vaults:2)
  2 merfolk javelineers (Shoals:4)
  4 ettins
  9 statues (WizLab)
  3 merfolk impalers
  3 fire dragons
  2 rakshasas
  16 yaktaur captains
  A deep elf high priest (Vaults:5)
  3 great orbs of eyes
  4 hydras
  2 ice dragons
  A catoblepas (Shoals:4)
  20 vault guards
  8 centaur warriors
  3 death knights (Vaults:4)
  29 two-headed ogres
  4 merfolk avatars
  9 merfolk aquamancers
  A dancing weapon (Vaults:5)
  3 satyrs
  2 deep troll shamans
  3 death yaks (Shoals:4)
  9 ogre magi
  5 orc high priests
  A tengu warrior (D:15)
  A vampire mage (Abyss:3)
  The ghost of Hiceoc the Nimble, a journeyman FeBe of Trog (Lair:4)
  3 thrashing horrors (Abyss:3)
  2 deep troll earth magi
  Urug (D:10)
  3 shadow wraiths
  A wretched star (Abyss:3)
  A hell knight (Volcano)
  3 skeletal warriors (D:11)
  14 deep trolls
  3 deep elf knights
  8 sea snakes
  A fire crab (shapeshifter) (Vaults:4)
  4 unseen horrors
  A sea snake (shapeshifter) (Vaults:5)
  2 lindwurms (Lair:6)
  6 wizards
  A glowing orange brain (Abyss:3)
  3 deep elf archers
  A swamp dragon (shapeshifter) (Vaults:2)
  2 flayed ghosts
  A tengu zombie (Vaults:2)
  17 ironbrand convokers
  A wolf spider zombie (D:15)
  A mana viper (shapeshifter) (Vaults:2)
  21 orc knights
  An obsidian statue (D:14)
  3 phantasmal warriors (Vaults:5)
  8 harpies
  A necromancer (Vaults:2)
  6 fauns
  25 deep elf magi
  14 ugly things
  4 orc sorcerers
  5 cyclopes
  14 manticores
  6 elephants
  4 wolf spiders
  A fire giant zombie (Vaults:2)
  6 ice statues
  8 vault sentinels
  12 water nymphs
  8 merfolk sirens
  A torpor snail (Lair:6)
  A dire elephant zombie (Abyss:3)
  10 black mambas
  A naga mage (D:15)
  3 molten gargoyles
  3 smoke demons
  4 spiny frogs
  2 gargoyles
  3 rime drakes
  7 freezing wraiths
  2 kobold demonologists
  15 komodo dragons
  61 yaktaurs
  An efreet (Abyss:3)
  3 golden dragon simulacra (IceCv)
  2 red devils (Volcano)
  5 trolls
  An ancient zyme (Abyss:3)
  A queen bee (shapeshifter) (Vaults:2)
  A jumping spider (shapeshifter) (Vaults:3)
  A tengu conjurer (Vaults:3)
  3 meliai (D:12)
  23 merfolk
  A raiju (shapeshifter) (Vaults:2)
  5 blink frogs (Lair:2)
  A blink frog (shapeshifter) (Vaults:5)
  4 wind drakes
  14 hippogriffs
  A snapping turtle (shapeshifter) (Vaults:5)
  12 slime creatures
  6 dream sheep (Lair:5)
  4 raiju (Abyss:3)
  8 snapping turtles
  2 ynoxinuls (Abyss:3)
  A fire giant simulacrum (Vaults:2)
  3 tarantellas (Vaults:5)
  4 redbacks (Vaults:5)
  2 shadows
  15 water elementals
  25 yaks
  2 spriggans (Lair:1)
  6 wyverns
  3 wraiths
  A tarantella (shapeshifter) (Vaults:5)
  2 dire elephant simulacra (IceCv)
  7 basilisks
  A spriggan (shapeshifter) (Vaults:4)
  A large abomination (Abyss:3)
  2 fire bats (Volcano)
  16 humans (D:14)
  A steam dragon (Lair:6)
  2 hungry ghosts (D:11)
  3 human simulacra (Vaults:2)
  10 wargs
  A harpy simulacrum (IceCv)
  2 acid dragons (D:12)
  4 hell hounds (Lair:6)
  9 water moccasins
  3 hydra simulacra (IceCv)
  74 orc warriors
  A phantom (D:6)
  7 porcupines
  10 ice beasts
  2 necrophages
  An ettin simulacrum (Abyss:3)
  46 ogres
  6 boggarts (Vaults:2)
  4 wolves
  9 crocodiles
  An eye of draining (D:12)
  23 centaurs
  A big kobold (D:11)
  A wyvern zombie (D:6)
  19 bullfrogs
  A gnoll sergeant (D:11)
  A human skeleton (Vaults:2)
  A wyvern skeleton (D:13)
  4 scorpions
  2 howler monkeys
  6 killer bees
  10 electric eels
  6 crimson imps
  10 lava snakes
  A centaur zombie (D:6)
  A bullfrog zombie (D:11)
  A gnoll shaman (D:5)
  4 hounds
  5 jellies
  43 orc priests
  A bullfrog skeleton (D:11)
  27 orc wizards
  6 centaur skeletons
  5 iguanas
  9 worker ants
  A hound skeleton (D:11)
  A howler monkey skeleton (D:6)
  2 worker ant zombies
  10 gnolls
  9 adders
  A white imp (Abyss:3)
  An adder skeleton (D:9)
  A dart slug (D:2)
  5 leopard geckos
  145 orcs
  2 ball pythons
  5 giant cockroaches
  8 goblins
  A hobgoblin (D:1)
  8 jackals
  9 kobolds
  A quokka (D:6)
  6 bats
  2 frilled lizards
  A jackal skeleton (D:4)
  2 rats
  3 fungi (D:10)
  9 plants
  A starspawn tentacle (Abyss:3)
1398 creatures vanquished.

Vanquished Creatures (others)
  A boggart (Vaults:2)
  An orc wizard (Vaults:1)
  A quokka (D:9)
  19 fungi
  9 plants
  7 starspawn tentacles (Abyss:3)
38 creatures vanquished.

Grand Total: 1436 creatures vanquished

Notes
Turn   | Place    | Note
-------+----------+-------------------------------------------
     0 | D:1      | shadizar the Gargoyle Fighter began the quest for the Orb.
     0 | D:1      | Reached XP level 1. HP: 14/14 MP: 1/1
   271 | D:1      | Reached XP level 2. HP: 19/19 MP: 2/2
   833 | D:2      | Reached XP level 3. HP: 23/23 MP: 3/3
  1240 | D:2      | Reached XP level 4. HP: 19/29 MP: 4/4
  1487 | D:3      | Found an ancient bone altar of Kikubaaqudgha.
  1631 | D:3      | Found an opulent altar of Gozag.
  1758 | D:3      | Found a basalt altar of Yredelemnul.
  1891 | D:3      | Found an iron altar of Okawaru.
  1903 | D:3      | Became a worshipper of Warmaster Okawaru
  2174 | D:4      | Reached skill level 4 in Fighting
  2174 | D:4      | Reached skill level 1 in Dodging
  2174 | D:4      | Reached XP level 5. HP: 4/33 MP: 5/5
  2553 | D:4      | Found an ornate altar of the Wu Jian Council.
  2754 | D:4      | Reached XP level 6. HP: 39/39 MP: 6/6
  2852 | D:4      | Found a hazy altar of Hepliaklqana.
  3056 | D:4      | Reached * piety under Okawaru
  3243 | D:5      | Entered Level 5 of the Dungeon
  3244 | D:5      | Found a blossoming altar of Fedhas.
  3402 | D:5      | Reached skill level 5 in Armour
  3402 | D:5      | Reached XP level 7. HP: 41/44 MP: 7/7
  3447 | D:5      | Reached skill level 5 in Fighting
  4321 | D:5      | Reached ** piety under Okawaru
  5048 | D:6      | Reached XP level 8. HP: 17/51 MP: 8/8
  5673 | D:6      | Reached skill level 6 in Fighting
  5710 | D:6      | Noticed a wyvern
  5722 | D:6      | Killed a wyvern
  5731 | D:6      | Reached skill level 5 in Axes
  5788 | D:6      | Got a warped chain mail
  5808 | D:6      | Identified the +4 chain mail of Usysh {Regen+ Str-4 Stlth+}
                  | (You found it on level 6 of the Dungeon)
  6026 | D:7      | Found Remp's Armour Shop.
  6037 | D:7      | Got a serpentine glass ring
  6041 | D:7      | Identified the ring of Petherph {rF+ rN+ Int+3 Stlth+} (You
                  | found it on level 7 of the Dungeon)
  6047 | D:7      | Bought a +1 pair of gloves of dexterity for 198 gold pieces
  6047 | D:7      | Bought a +0 pair of boots for 54 gold pieces
  6096 | D:7      | Noticed a centaur warrior
  6129 | D:7      | Killed a centaur warrior
  6129 | D:7      | Reached *** piety under Okawaru
  6129 | D:7      | Reached **** piety under Okawaru
  6129 | D:7      | Reached skill level 7 in Fighting
  6129 | D:7      | Reached XP level 9. HP: 49/57 MP: 9/9
  6475 | D:7      | Noticed a troll
  6484 | D:7      | Killed a troll
  6484 | D:7      | Reached skill level 5 in Dodging
  6496 | D:7      | Found a staircase to the Ecumenical Temple.
  6502 | Temple   | Entered the Ecumenical Temple
  6739 | D:7      | Found a shimmering blue altar of Sif Muna.
  6927 | D:8      | Reached skill level 8 in Fighting
  7379 | D:8      | Reached XP level 10. HP: 60/64 MP: 10/10
  7555 | D:8      | Found Kuzis's Weapon Emporium.
  7630 | D:8      | Found a hide-covered altar of Uskayaw.
  7633 | D:8      | Found a sparkling altar of Nemelex Xobeh.
  7636 | D:8      | Found a burning altar of Makhleb.
  7740 | D:9      | Noticed a kobold demonologist
  7755 | D:9      | Noticed a soul eater
  7761 | D:9      | Noticed an orange demon
  7761 | D:9      | Killed a kobold demonologist
  8006 | D:9      | Got a jewelled scale mail
  8241 | D:9      | Found a white marble altar of Elyvilon.
  8262 | D:9      | Noticed a two-headed ogre
  8276 | D:9      | Killed a two-headed ogre
  8276 | D:9      | Reached ***** piety under Okawaru
  8416 | D:9      | Found a glowing golden altar of the Shining One.
  8442 | D:9      | Identified the cursed +1 scale mail of the Wheelwright
                  | {+Fly rPois rF-} (You found it on level 9 of the Dungeon)
  8501 | D:10     | Entered Level 10 of the Dungeon
  8554 | D:10     | Found a staircase to the Lair.
  8615 | D:10     | Reached skill level 9 in Fighting
  8705 | D:10     | Received a gift from Okawaru
  8819 | D:10     | Noticed Urug
  8865 | D:10     | Killed Urug
  8865 | D:10     | Reached XP level 11. HP: 46/71 MP: 8/11
  9013 | D:10     | Killed an unseen horror
  9742 | Lair:1   | Entered Level 1 of the Lair of Beasts
  9832 | Lair:1   | Received a gift from Okawaru
  9832 | Lair:1   | Reached skill level 1 in Long Blades
  9925 | Lair:1   | Reached skill level 10 in Fighting
  9925 | Lair:1   | Reached skill level 10 in Armour
 10010 | Lair:1   | Found a bloodstained altar of Trog.
 10671 | Lair:2   | Reached skill level 5 in Long Blades
 10676 | Lair:2   | Reached ****** piety under Okawaru
 10696 | Lair:2   | Received a gift from Okawaru
 10748 | Lair:2   | Found a dark tunnel.
 10755 | Lair:2   | Got a slimy spear
 10762 | Volcano  | Entered a volcano
 11122 | Volcano  | Found a burning altar of Makhleb.
 11122 | Volcano  | Noticed a red ugly thing
 11168 | Volcano  | Killed a red ugly thing
 11168 | Volcano  | Reached skill level 1 in Invocations
 11251 | Volcano  | Noticed a hell knight
 11267 | Volcano  | Killed a hell knight
 11267 | Volcano  | Reached XP level 12. HP: 35/77 MP: 13/13
 11404 | Volcano  | Reached skill level 5 in Shields
 11715 | Lair:2   | Identified the cursed +1 spear "Reases" {venom, *Slow rElec
                  | rF+ Int+5} (You found it on level 2 of the Lair of Beasts)
 11890 | Lair:2   | You fall into a shaft and drop 2 floors!
 11895 | Lair:4   | Noticed a six-headed hydra
 12074 | Lair:3   | Noticed a six-headed hydra
 12095 | Lair:3   | Killed a six-headed hydra
 12875 | Lair:2   | Received a gift from Okawaru
 12901 | Lair:2   | You fall into a shaft and drop 1 floor!
 12967 | Lair:2   | Found a hole to the Spider Nest.
 13308 | Lair:4   | Killed an 11-headed hydra
 13424 | Lair:4   | Found a staircase to the Shoals.
 13605 | Lair:4   | Found a large runed translucent door.
 13641 | Lair:4   | Found a large runed translucent door.
 13656 | Lair:4   | Noticed Hiceoc's ghost (journeyman FeBe)
 13758 | Lair:4   | Killed Hiceoc's ghost
 13758 | Lair:4   | Reached XP level 13. HP: 31/84 MP: 14/16
 14285 | Lair:5   | Reached skill level 11 in Fighting
 14684 | Lair:5   | Reached skill level 5 in Invocations
 14916 | Lair:6   | Entered Level 6 of the Lair of Beasts
 15011 | Lair:6   | Found a runed translucent gate.
 15011 | Lair:6   | Found a runed translucent gate.
 15011 | Lair:6   | Found a runed translucent gate.
 15016 | Lair:6   | Noticed Tenar's ghost (journeyman DEEE)
 15016 | Lair:6   | Noticed Iblaz's ghost (journeyman OpHu)
 15016 | Lair:6   | Noticed Amenergh's ghost (journeyman GnGl)
 15027 | Lair:6   | Received a gift from Okawaru
 15075 | Lair:6   | Received a gift from Okawaru
 15297 | Lair:6   | Found a staircase to the Slime Pits.
 15379 | Lair:6   | Found a large runed translucent door.
 15379 | Lair:6   | Found a large runed translucent door.
 15413 | Lair:6   | Noticed a fire dragon
 15716 | Lair:6   | Killed a fire dragon
 16628 | D:11     | Gained mutation: Your large and strong wings let you fly
                  | indefinitely. [Gargoyle growth]
 16628 | D:11     | Reached XP level 14. HP: 59/91 MP: 16/18
 16776 | D:11     | Got a sapphire falchion
 17136 | D:11     | Received a gift from Okawaru
 17203 | D:11     | Identified the cursed +2 falchion "Metoc" {vorpal, MP+9
                  | Int+4} (You found it on level 11 of the Dungeon)
 17222 | D:11     | Got a bloodstained great sword {god gift}
 18235 | D:12     | Reached skill level 12 in Fighting
 18304 | D:12     | Found a staircase to the Orcish Mines.
 18321 | D:12     | Found an ornate altar of the Wu Jian Council.
 18398 | D:12     | Found a roughly hewn altar of Beogh.
 18515 | D:12     | Identified the +5 great sword of the Equator {holy, rN+}
                  | (Okawaru gifted it to you on level 11 of the Dungeon)
 18537 | Orc:1    | Entered Level 1 of the Orcish Mines
 18837 | Orc:1    | Received a gift from Okawaru
 18841 | Orc:1    | Got a slimy war axe {god gift}
 18963 | Orc:1    | Identified the +10 war axe "Zucoykh" {protect, rC+ rN+}
                  | (Okawaru gifted it to you on level 1 of the Orcish Mines)
 19196 | Orc:2    | Entered Level 2 of the Orcish Mines
 19351 | Orc:2    | Found a roughly hewn altar of Beogh.
 19472 | Orc:2    | Found Lutsu's Weapon Emporium.
 19515 | Orc:2    | Found Leunt's Food Shoppe.
 19534 | Orc:2    | Reached skill level 1 in Evocations
 19620 | Orc:2    | Noticed Nessos
 19651 | Orc:2    | Killed Nessos
 19651 | Orc:2    | Received a gift from Okawaru
 19959 | Orc:2    | Found a staircase to the Elven Halls.
 20094 | Orc:2    | Noticed Jorgrun
 20147 | Orc:2    | Killed Jorgrun
 20147 | Orc:2    | Reached XP level 15. HP: 55/97 MP: 20/20
 20184 | Orc:2    | Found Pungeon's Antique Weapon Shop.
 20236 | Orc:2    | Noticed an orc warlord
 20270 | Orc:2    | Killed an orc warlord
 20336 | Orc:2    | Found Gaes's Antique Weapon Emporium.
 20371 | Orc:2    | Found a roughly hewn altar of Beogh.
 20656 | Orc:2    | Reached skill level 10 in Long Blades
 21144 | Shoals:1 | Entered Level 1 of the Shoals
 21253 | Shoals:1 | Found a frozen archway.
 21269 | IceCv    | Entered an ice cave
 21279 | IceCv    | Received a gift from Okawaru
 21302 | IceCv    | Got a steaming long sword {god gift}
 21314 | IceCv    | Identified the +6 long sword of Premature Burial {vamp,
                  | rPois Str+3 Stlth+} (Okawaru gifted it to you in an ice
                  | cave)
 21353 | IceCv    | Reached skill level 13 in Fighting
 21644 | IceCv    | Got an ebony flail
 21702 | Shoals:1 | Identified the +1 flail of Riuza {antimagic, rC++ Int+3}
                  | (You found it in an ice cave)
 22443 | Shoals:2 | Received a gift from Okawaru
 22543 | Shoals:2 | Gained mutation: Armour fits poorly on your strangely
                  | shaped body. [mutagenic glow]
 22577 | Shoals:2 | Gained mutation: You are weak. (Str -2) [mutagenic glow]
 22719 | Shoals:2 | Upgraded the game from 0.25-a0-576-g50b708a4c4 to
                  | 0.25-a0-577-ga4619f409e
 23386 | Shoals:3 | Received a gift from Okawaru
 23463 | Shoals:3 | Noticed Donald
 23481 | Shoals:3 | Killed Donald
 23481 | Shoals:3 | Reached skill level 10 in Axes
 23481 | Shoals:3 | Reached XP level 16. HP: 57/104 MP: 15/22
 23707 | Shoals:3 | Reached skill level 10 in Shields
 23964 | Shoals:3 | Reached skill level 10 in Dodging
 24265 | Shoals:3 | Received a gift from Okawaru
 24268 | Shoals:3 | Got a steaming hand axe {god gift}
 24286 | Shoals:4 | Entered Level 4 of the Shoals
 24300 | Shoals:4 | Identified the +0 war axe of Tamacaci {antimagic, +Rage}
 24641 | Shoals:4 | Got a translucent buckler
 25005 | Shoals:4 | Got an encrusted hand crossbow
 25043 | Shoals:4 | Received a gift from Okawaru
 25060 | Shoals:4 | Noticed Roxanne
 25088 | Shoals:4 | Killed Roxanne
 25095 | Shoals:4 | Received a gift from Okawaru
 25095 | Shoals:4 | Reached skill level 14 in Fighting
 25157 | Shoals:4 | Noticed Polyphemus
 25196 | Shoals:4 | Killed Polyphemus
 25749 | Shoals:4 | Reached skill level 10 in Invocations
 26058 | Shoals:4 | Got a barnacled rune of Zot
 26316 | D:10     | Received a gift from Okawaru
 26333 | D:10     | Identified the +4 hand axe "Fael" {flame, *Slow rF+ rN+}
                  | (Okawaru gifted it to you on level 3 of the Shoals)
 27195 | D:14     | Reached XP level 17. HP: 108/111 MP: 24/24
 27250 | D:14     | Identified the cursed -3 buckler of Incorporation {Dex+3}
                  | (You found it on level 4 of the Shoals)
 27250 | D:14     | Identified the +11 hand crossbow of Severance {penet, Int+9
                  | Dex+2} (You found it on level 4 of the Shoals)
 27293 | D:14     | Found a roughly hewn altar of Beogh.
 27375 | D:14     | Found a runed translucent gate.
 27375 | D:14     | Found a runed translucent gate.
 27375 | D:14     | Found a runed translucent gate.
 27376 | D:14     | Found an opulent altar of Gozag.
 27377 | D:14     | Noticed Flugslaktarn's ghost (journeyman DDFi)
 27380 | D:14     | Found Selikasu's Assorted Antiques.
 27398 | D:14     | Killed Flugslaktarn's ghost
 27463 | D:14     | Bought a scroll labeled TOEKLA QUQO for 23 gold pieces
 27473 | D:14     | Identified the +1 executioner's axe "Arbiter" {drain,
                  | *Drain Int+5} (You acquired it on level 14 of the Dungeon)
 27473 | D:14     | Identified the +3 buckler of the Moneychanger {Dex+4} (You
                  | acquired it on level 14 of the Dungeon)
 27589 | D:14     | Found a gate to the Vaults.
 28016 | D:15     | Entered Level 15 of the Dungeon
 28633 | D:15     | Found a staircase to the Depths.
 28638 | D:15     | Received a gift from Okawaru
 28801 | Vaults:1 | Entered Level 1 of the Vaults
 28820 | Vaults:1 | Found a shadowy altar of Dithmenos.
 29000 | Vaults:1 | Received a gift from Okawaru
 29116 | Vaults:1 | Reached skill level 15 in Fighting
 29152 | Vaults:1 | Got a crystal mace
 29324 | Vaults:1 | Reached XP level 18. HP: 105/119 MP: 27/27
 29614 | Vaults:1 | Received a gift from Okawaru
 30125 | Vaults:1 | Identified the +4 mace of Sudden Death {venom, rElec Str+2
                  | Dex+4} (You found it on level 1 of the Vaults)
 30305 | Vaults:2 | Found Acuj's General Store.
 30359 | Vaults:2 | Found a magical portal.
 30441 | WizLab   | Reached skill level 15 in Armour
 30464 | WizLab   | Received a gift from Okawaru
 31327 | WizLab   | Identified Iskenderun's Papyrus of Battle Magic
 31327 | WizLab   | Identified Iskenderun's Reference Book on Battle Magic
 31349 | WizLab   | Identified the Almanac of Nocuous Snow
 31349 | WizLab   | Identified the Handbook of Execration and Good Luck
 31575 | Vaults:2 | Reached XP level 19. HP: 125/125 MP: 29/29
 31598 | Vaults:2 | Identified the +5 morningstar of Blood {flame, rF+ Str+2}
 31614 | Vaults:2 | Received a gift from Okawaru
 32236 | Vaults:2 | Reached skill level 5 in Evocations
 33291 | Vaults:3 | Reached skill level 16 in Fighting
 33501 | Vaults:3 | Received a gift from Okawaru
 33546 | Vaults:3 | Paralysed by an ogre mage for 2 turns
 33797 | Vaults:3 | Received a gift from Okawaru
 33832 | Vaults:3 | Got a polished hat
 33847 | Vaults:3 | Found a radiant altar of Vehumet.
 33995 | Vaults:3 | Identified the cursed +0 hat of the Illusory Planets {rN+
                  | MR+ Dex-5} (You found it on level 3 of the Vaults)
 34060 | Vaults:3 | Reached skill level 15 in Invocations
 34066 | Vaults:3 | Got an ancient arbalest
 34092 | Vaults:3 | Identified the +10 arbalest of Gehara {penet, MR+} (You
                  | found it on level 3 of the Vaults)
 34246 | Vaults:3 | Reached XP level 20. HP: 111/132 MP: 31/31
 34266 | Vaults:3 | Got a heavily runed scale mail
 34552 | Vaults:3 | Found a staircase to the Crypt.
 34552 | Vaults:3 | Found a basalt altar of Yredelemnul.
 34553 | Vaults:3 | Found an ancient bone altar of Kikubaaqudgha.
 34794 | Vaults:3 | Cast into level 3 of the Abyss (a deep elf sorcerer)
 34794 | Abyss:3  | Found a corrupted altar of Lugonu.
 34881 | Abyss:3  | Found an ornate altar of the Wu Jian Council.
 34979 | Vaults:3 | Escaped the Abyss
 35396 | Vaults:4 | Received a gift from Okawaru
 36739 | Vaults:4 | Identified the +2 scale mail "Wodoiw" {Str-2 Dex+4 SInv}
                  | (You found it on level 3 of the Vaults)
 36791 | Vaults:5 | Entered Level 5 of the Vaults
 36795 | Vaults:5 | Noticed an ancient lich
 36845 | Vaults:5 | Killed an ancient lich
 36898 | Vaults:5 | Reached XP level 21. HP: 138/138 MP: 33/33
 36934 | Vaults:5 | Received a gift from Okawaru
 36980 | Vaults:5 | Cast into level 3 of the Abyss (a deep elf sorcerer)
 36991 | Vaults:5 | Escaped the Abyss
 37165 | Vaults:5 | Got a fine hand axe
 37262 | Vaults:5 | Identified the +5 broad axe "Gargoyle's Doom" {drain,
                  | Str+2}
 37285 | Vaults:5 | Reached skill level 17 in Fighting
 37590 | Vaults:5 | Identified the Volume of Harmful Calling
 37776 | Vaults:5 | Received a gift from Okawaru
 37840 | Vaults:5 | Reached skill level 15 in Shields
 37913 | Vaults:5 | Hit by a large rock thrown by a stone giant

Levels and vault maps discovered:
D:1:      sevenhm_arrival_forest_fort_large_4, layout_basic, serial_glass,
          glass_columns_a, glass_columns_a, glass_columns_a, glass_columns_a
D:2:      layout_loops_ring
D:3:      layout_loops_ring, old_standard_altar, lemuel_doored_altar,
          nicolae_overflow_crystal_walls, marbit_many_paths, first_ration
D:4:      layout_basic, lemuel_crystal_altar, kennysheep_mini_moat
D:5:      layout_loops_cross, fedhas_altar_1, serial_co_window_serial,
          co_window_of_opportunity_a, co_window_corner_a, co_window_corner_a,
          co_window_corner_a, co_window_paths_b, co_window_paths_b,
          co_window_cross_1, co_window_cross_1, co_window_of_opportunity_a,
          co_window_unsneaky_path_b, co_window_broadway_a,
          co_window_unsneaky_path_b, co_window_4corner_a, co_window_paths_d,
          glass_columns_b, glass_columns_b, glass_columns_b, glass_columns_b
D:6:      layout_gridville, minmay_divided_ellipse
D:7:      hangedman_cross_stitches, layout_cave_pools, lemuel_blue_sif_altar,
          minmay_temple_entry_fiery, serial_shops, shop, grunt_ogre_cave
D:8:      layout_basic, grunt_temple_overflow_diamond, serial_shops, shop,
          hangedman_abyss_or_decor_jellyfish_corner
D:9:      layout_cave_pods, kennysheep_little_box, elyvilon_altar_4
D:10:     layout_cave_pods, due_lair_maze_entry_diamond, corexii_corridor_pit,
          due_unseen_surprise, uniq_urug
D:11:     layout_basic
D:12:     layout_rooms, minmay_orc_entry_temple_small, basic_altar
D:13:     layout_loops_corners
D:14:     layout_cave_pools, david_vaults_3, special_room [special_room_orc],
          ebering_ghost_gozag, patterned_corridor
D:15:     grunt_enter_depths_magical_seal, layout_loops_cross, minivault_19,
          minmay_misc_feat_doors, minmay_crystal_water
Temple:   dpeg_three_leaves_temple
Lair:1:   wad_woods_stonehenge, layout_regular_city
Lair:2:   layout_gridlike, spider_nest_entry_web_field,
          nicolae_volcano_entry_lava_flow, grunt_megastairs_4
Lair:3:   layout_roguey, grunt_megastairs_1, infiniplex_staircase_pool
Lair:4:   layout_small_grid, minmay_shoals_entry_centaurs,
          ebering_ghost_disaster_area, serial_bayou_shore_a
Lair:5:   layout_gridlike
Lair:6:   cheibrodos_lair_end_hotspot, layout_regular_city,
          dpeg_slime_entry_corner, gammafunk_ghost_cemetery
Shoals:1: layout_shoals, portal_ice_cave_entry_ice_statue_one
Shoals:2: cheibrodos_shoals_baths, layout_shoals
Shoals:3: layout_shoals, yaktaur_hedge, uniq_donald
Shoals:4: shoals_end_simple, layout_shoals, uniq_roxanne, uniq_polyphemus
Orc:1:    layout_caves, guppyfry_orc_lava_fort
Orc:2:    pubby_orc_utopia, uniq_jorgrun, uniq_nessos
Vaults:1: dpeg_vaults_waves, hangedman_vaults_slice,
          nicolae_vaults_border_crossing, nicolae_vaults_specimen_jars,
          vaults_room_stairs_pillars, layout_vaults_big_room, basic_altar
Vaults:2: vaults_standard_mumra_lines, ontoclasm_vaults_fire_temple,
          hangedman_vaults_nails, hangedman_vaults_pinch, vaults_room_door_hall,
          ontoclasm_vaults_loading_screen, nicolae_vaults_asterisk, v_misc_14,
          hangedman_vaults_slice, v_misc_12, nicolae_vaults_theta,
          ontoclasm_vaults_pinch, vaults_room_door_ring,
          layout_vaults_big_cross, serial_shops, shop_statue,
          infiniplex_enter_wizlab_glasses
Vaults:3: vaults_room_octagon, grunt_vaults_hallway_short, vaults_mumra_lcd,
          nicolae_vaults_shelves_hall, v_misc_18, dpeg_vaults_monster_box,
          vaults_room_fancy_cross, vaults_dpeg_spiral,
          nicolae_vaults_little_squares_3, grunt_tower_of_power,
          nicolae_vaults_yaktaur_gun_rack, minmay_crypt_entry_necro_gods,
          ontoclasm_vaults_loading_screen, layout_vaults_ring
Vaults:4: v_misc_33, ontoclasm_vaults_shout, vaults_standard_mumra_x,
          ontoclasm_vaults_ligature, grunt_vaults_trifunnel,
          nicolae_vaults_network_quincunx
          [nicolae_vaults_network_quincunx_subvault,
          nicolae_vaults_network_quincunx_subvault,
          nicolae_vaults_network_quincunx_subvault,
          nicolae_vaults_network_quincunx_subvault,
          nicolae_vaults_network_quincunx_subvault], vaults_room_semicircle,
          layout_vaults_omnigrid
Vaults:5

Skill      XL: |  1  2  3  4  5  6  7  8  9 10 11 12 13 14 15 16 17 18 19 20 21 |
---------------+----------------------------------------------------------------+-----
Axes           | 2 3 4 5 6 7 8 9 10 11 12 13 | 13.8
Shields        | 4 6 7 9 11 12 13 14 15 | 15.0
Armour         | 4 5 7 8 9 10 11 12 13 14 15 16 | 16.9
Fighting       | 4 5 7 8 9 10 11 12 13 14 15 16 17 | 17.3
Dodging        | 1 2 3 4 5 6 7 8 9 10 11 12 13 | 13.2
Long Blades    | 6 8 9 10 | 10.3
Invocations    | 1 4 6 7 8 10 12 13 15 16 | 16.7
Evocations     | 2 3 4 6 7 8 |  8.6

Action                   |  1- 3 |  4- 6 |  7- 9 | 10-12 | 13-15 | 16-18 | 19-21 || total
-------------------------+-------+-------+-------+-------+-------+-------+-------++-------
Melee: War axe           |   142 |   143 |   436 |   433 |   874 |  1646 |  1572 ||  5246
       Double sword      |       |       |       |   381 |   811 |       |       ||  1192
       Morningstar       |       |       |       |    41 |    13 |       |       ||    54
       Broad axe         |       |       |       |    17 |       |       |       ||    17
       Flail             |       |       |       |       |       |     1 |       ||     1
Invok: Heroism           |       |       |     3 |    18 |    27 |    25 |    15 ||    88
       Finesse           |       |       |       |     1 |     4 |     9 |     4 ||    18
  Use: Potion            |       |     1 |     1 |     9 |     4 |     1 |     4 ||    20
       Scroll            |       |       |    25 |     9 |    15 |     7 |     2 ||    58
 Stab: Petrified         |       |       |       |       |       |     8 |       ||     8
  Eat: Chunk             |     1 |     7 |    11 |    12 |    32 |    29 |    18 ||   110
       Ration            |       |       |     1 |     3 |     2 |       |     1 ||     7
Armor: Scale mail        |    91 |    72 |    46 |       |       |       |       ||   209
       Chain mail        |       |       |   249 |   819 |   672 |       |       ||  1740
       Fire dragon scale |       |       |       |    60 |       |       |       ||    60
       Plate armour      |       |       |       |   270 |   352 |   704 |   737 ||  2063
Dodge: Dodged            |    49 |    54 |   115 |   297 |   466 |   365 |   430 ||  1776
Block: Kite shield       |    81 |    81 |   179 |       |       |       |       ||   341
       Tower shield      |       |       |    58 |   987 |  1671 |  1271 |  1420 ||  5407
       Rpst.: Double sword |       |       |       |    32 |    76 |       |       ||   108

Table legend:
 A = Non-vault XP
 B = Vault XP
 C = Vault XP percentage of total XP
 D = Non-vault monster count
 E = Vault monster count
 F = Vault count percentage of total count
                 A         B        C        D         E       F
            +---------+---------+-------+---------+---------+-------
      Total |  262960 |  319205 |  54.8 |     775 |     611 |  44.1
            +---------+---------+-------+---------+---------+-------
        D:1 |      24 |       0 |   0.0 |      15 |       0 |   0.0
        D:2 |      94 |       0 |   0.0 |      12 |       0 |   0.0
        D:3 |      20 |      13 |  39.4 |      10 |       1 |   9.1
        D:4 |     401 |       0 |   0.0 |      17 |       0 |   0.0
        D:5 |     527 |       0 |   0.0 |      22 |       0 |   0.0
        D:6 |     437 |     522 |  54.4 |      14 |       7 |  33.3
        D:7 |     402 |    1479 |  78.6 |       8 |       7 |  46.7
        D:8 |    1067 |       0 |   0.0 |      15 |       0 |   0.0
        D:9 |    1529 |       0 |   0.0 |       8 |       0 |   0.0
       D:10 |    3614 |    2451 |  40.4 |      19 |      12 |  38.7
       D:11 |    8660 |       0 |   0.0 |      62 |       0 |   0.0
       D:12 |    6612 |    1057 |  13.8 |      32 |      11 |  25.6
       D:13 |    1601 |       0 |   0.0 |      21 |       0 |   0.0
       D:14 |    3954 |   11278 |  74.0 |      16 |      51 |  76.1
       D:15 |    6307 |    8525 |  57.5 |      21 |      11 |  34.4
     Lair:1 |    1565 |    1448 |  48.1 |       6 |       5 |  45.5
     Lair:2 |    3692 |     866 |  19.0 |      15 |       4 |  21.1
     Lair:3 |    3251 |     612 |  15.8 |      13 |       2 |  13.3
     Lair:4 |    3639 |    1287 |  26.1 |      13 |       5 |  27.8
     Lair:5 |    4846 |       0 |   0.0 |      18 |       0 |   0.0
     Lair:6 |    7425 |    7561 |  50.5 |      24 |      27 |  52.9
   Shoals:1 |    3416 |     499 |  12.7 |       7 |       1 |  12.5
   Shoals:2 |   12074 |    2624 |  17.9 |      25 |       7 |  21.9
   Shoals:3 |   11357 |    2391 |  17.4 |      24 |       2 |   7.7
   Shoals:4 |   12073 |   27640 |  69.6 |      28 |      38 |  57.6
      Orc:1 |    2996 |    4241 |  58.6 |      26 |      14 |  35.0
      Orc:2 |       0 |   22440 | 100.0 |       0 |     147 | 100.0
   Vaults:1 |   30478 |   19504 |  39.0 |      68 |      26 |  27.7
   Vaults:2 |   35478 |   19724 |  35.7 |      56 |      42 |  42.9
   Vaults:3 |   51009 |   14556 |  22.2 |      81 |      13 |  13.8
   Vaults:4 |   18746 |   34918 |  65.1 |      33 |      40 |  54.8
   Vaults:5 |   12571 |   91025 |  87.9 |      24 |      67 |  73.6
    Abyss:3 |   13095 |       0 |   0.0 |      22 |       0 |   0.0
      IceCv |       0 |    7972 | 100.0 |       0 |      22 | 100.0
    Volcano |       0 |    4383 | 100.0 |       0 |      15 | 100.0
     WizLab |       0 |   30189 | 100.0 |       0 |      34 | 100.0
            +---------+---------+-------+---------+---------+-------
